 Dungeon Crawl Stone Soup version 0.30-a0-847-g17996783a1 (webtiles) character file.

Game seed: 4272469694492390426

28 geedmat the Sneak (level 2, 0/17 HPs)
             Began as a Vampire Enchanter on Mar 4, 2023.
             Slain by an adder (2 damage)
             ... on level 2 of the Dungeon.
             The game lasted 00:07:32 (1377 turns).

geedmat the Sneak (Vampire Enchanter)               Turns: 1377, Time: 00:07:33

Health: 0/17       AC:  2    Str:  7    XL:     2   Next: 96%
Magic:  3/5        EV: 12    Int: 17    God:
Gold:   73         SH:  0    Dex: 14    Spells: 3/5 levels left

rFire   . . .      SeeInvis +    a - +1 dagger
rCold   . . .      Faith    .    (no shield)
rNeg    . . .      Spirit   .    b - +0 robe
rPois   .          Reflect  .    (no helmet)
rElec   .          Rampage  .    (no cloak)
rCorr   .                        (no gloves)
Will    .....                    (no boots)
Stlth   +++                      (no amulet)
HPRegen 0.42/turn                (no ring)
MPRegen 0.09/turn                (no ring)

@: healing quickly
A: alive, fangs 3, see invisible, vampiric 1, [frail 1]
a: Exsanguinate


You were on level 2 of the Dungeon.
You visited 1 branch of the dungeon, and saw 2 of its levels.

You collected 73 gold pieces.

Inventory:

Hand Weapons
 a - a +1 dagger (weapon)
Armour
 b - a +0 robe (worn)
Wands
 r - a wand of flame (4)
Scrolls
 e - 2 scrolls of poison {unknown}
 f - 2 scrolls of identify {unknown}
 j - a scroll of fear {unknown}
 k - a scroll of enchant weapon {unknown}
 m - a scroll of silence {unknown}
 n - a scroll of amnesia {unknown}
 o - a scroll of immolation {unknown}
 p - a scroll of acquirement {unknown}
Potions
 c - 2 potions of invisibility
 d - a potion of brilliance {unknown}
 g - a potion of flight {unknown}
 h - a potion of might {unknown}
 i - a potion of haste {unknown}
 l - a potion of heal wounds {unknown}
 q - a potion of attraction {unknown}


   Skills:
 * Level 2.2 Short Blades
 - Level 2.1 Dodging
 * Level 5.3 Stealth
 - Level 2.0 Spellcasting
 + Level 4.7 Hexes


You had 3 spell levels left.
You knew the following spells:

 Your Spells              Type           Power      Damage    Failure   Level
a - Ensorcelled Hibernat  Hex/Ice        18%        N/A       11%         2

Your spell library contained the following spells:

 Spells                   Type           Power      Damage    Failure   Level
 Confusing Touch          Hex            17%        N/A       9%          3
 Tukima's Dance           Hex            17%        N/A       9%          3
 Apportation              Tloc           2%         N/A       19%         1
 Necrotise                Necr           4%         1d4       19%         1
 Summon Small Mammal      Summ           4%         N/A       19%         1
 Dazzling Flash           Conj/Hex       18%        N/A       22%         3
 Summon Guardian Golem    Hex/Summ       9%         N/A       22%         3
 Call Canine Familiar     Summ           1%         N/A       50%         3


Dungeon Overview and Level Annotations

Branches:
Dungeon (2/15)

Altars:


Innate Abilities, Weirdness & Mutations

Your natural rate of healing is accelerated.
You have razor-sharp teeth.
You have supernaturally acute eyesight. (SInv)
You are afflicted with vampirism.
[You are frail. (-10% HP)]


Message History

As you open the door, it creaks loudly!
Found 3 stones.
There is an open door here.
Found a stone staircase leading down.
r - a wand of flame (4)
Found an escape hatch in the floor.
An endoplasm and an adder come into view.
The adder hisses angrily.
You open the door.
A gnoll and 2 jackals come into view.
The gnoll shouts!
The jackal barks! x2
The adder barely misses you. The adder bites you.
You are poisoned.
The adder poisons you!
You feel sick.
Casting: Ensorcelled Hibernation (safe; 11% risk of failure)
Confirm with . or Enter, or press ? or * to list all spells.
Aiming: Ensorcelled Hibernation (safe; 11% risk of failure)
Press: ? - help, Shift-Dir - straight line, f - adder
Aim: an adder (chance to affect: 51%)
The adder resists with significant effort.
You feel sick. The adder barely misses you.
You barely miss the adder. Your bite misses the adder.
You feel sick. The adder closely misses you.
You hit the adder.
The adder is moderately wounded.
You feel sick. The jackal barely misses you. The adder bites you.
The jackal closely misses you. The adder closely misses you.
You feel sick. The adder barely misses you. The adder attacks as you move away!
The adder closely misses you.
You feel sick.
You are no longer poisoned.
The jackal bites you.
* * * LOW HITPOINT WARNING * * *
There is a stone staircase leading down here.
The jackal attacks as you move away! The jackal bites you.
* * * LOW HITPOINT WARNING * * *
The jackal closely misses you. The jackal barely misses you.
The adder attacks as you move away! The adder bites you.
You die...

#.#..#...# #...P#...#
#....'...######
#######.#.P#+#+#..(.#
#..........# #....#
#......g...#####....#
.........##.........####
#.....Shh...............
#......@.##.........###
#........##.........#
#..>.....#########'##
#.J......# #.#
#........# #.#
#........#########.#####
#........##.............
#........##.######.#####
#.# #.#


You could see a gnoll, an adder, an endoplasm (asleep) and 2 jackals.

Vanquished Creatures
  A dart slug (D:1)
  3 endoplasms
  A giant cockroach (D:1)
  3 jackals (D:1)
  3 quokkas
  A ball python (D:2)
  2 bats (D:1)
  A frilled lizard (D:1)
  A goblin (D:1)
  4 kobolds (D:1)
  7 rats
27 creatures vanquished.

Notes
Turn   | Place    | Note
-------+----------+-------------------------------------------
     0 | D:1      | geedmat the Vampire Enchanter began the quest for the Orb.
     0 | D:1      | Reached XP level 1. HP: 13/13 MP: 3/3
   337 | D:1      | Reached XP level 2. HP: 19/19 MP: 5/5
   382 | D:1      | Reached skill level 5 in Stealth
   934 | D:1      | Learned a level 2 spell: Ensorcelled Hibernation
  1377 | D:2      | Slain by an adder

Illustrated notes

Levels and vault maps discovered:
D:1:      dpeg_arrival_tiny_a, layout_loops_cross, nrook_campfire
D:2:      layout_basic, cheibrodos_gnoll_hut

Skill      XL: |  1  2 |
---------------+-------+-----
Stealth        | 5 |  5.3
Short Blades   | 2 |  2.2
Dodging        | |  2.1
Spellcasting   | |  2.0
Hexes          | |  4.7

Action                     || total
---------------------------++-------
  Melee: Dagger            ||    67
         Bite              ||     5
         Punch             ||     1
   Cast: Ensorcelled Hiber ||     1
Ability: Exsanguinate      ||     2
         Revivify          ||     1
   Stab: Sleeping          ||    13
 Armour: Robe              ||     9
  Dodge: Dodged            ||    60

Table legend: (Time is in decaauts)
 A = Elapsed time spent in this place.
 B = Non-inter-level travel time spent in this place.
 C = Inter-level travel time spent in this place.
 D = Time resting spent in this place.
 E = Time spent auto-exploring this place.
 F = Levels seen in this place.
 G = Mean time per level.
                   A        B        C        D        E       F      G
               +--------+--------+--------+--------+--------+-----+--------+
         Total |   1371 |   1349 |     22 |    138 |    738 |   2 |  685.5 |
       Dungeon |   1371 |   1349 |     22 |    138 |    738 |   2 |  685.5 |
               +--------+--------+--------+--------+--------+-----+--------+

Top non-repeatable levels by time:
     D:1: 931 daAuts
     D:2: 439 daAuts
